 Dungeon Crawl Stone Soup version 0.31.0-12-g77e489cdc1 (webtiles) character file.

Game seed: 16708384045378692311

783 Silvore the Cudgeller (level 7, -1/63 HPs)
             Began as a Minotaur Fighter on Feb 21, 2024.
             Slain by a centaur (4 damage)
             ... on level 5 of the Dungeon.
             The game lasted 00:04:00 (3065 turns).

Silvore the Cudgeller (Minotaur Fighter)            Turns: 3065, Time: 00:04:01

Health: -1/63      AC: 12    Str: 22    XL:     7   Next: 55%
Magic:  6/6        EV:  6    Int:  5    God:
Gold:   256        SH:  5    Dex: 10    Spells: 6/6 levels left

rFire   + . .        a - +1 flail
rCold   x . .        c - +0 buckler
rNeg    . . .        j - +0 plate armour
rPois   .            (helmet restricted)
rElec   .            (no cloak)
rCorr   .            (no gloves)
SInv    +            (no boots)
Will    .....        (no amulet) Stlth
                     q - ring of see invisible
HPRegen 0.30/turn    i - ring of fire
MPRegen 0.10/turn

%: no passive effects
@: lethally poisoned (-1 -> -8)
A: horns 2, retaliatory headbutt
a: no special abilities


You were on level 5 of the Dungeon.
You visited 1 branch of the dungeon, and saw 5 of its levels.

You collected 256 gold pieces.

Inventory:

Hand Weapons
 a - a +1 flail (weapon)
Armour
 b - a +0 scale mail
 c - a +0 buckler (worn)
 j - a +0 plate armour (worn)
 m - a +1 chain mail
Jewellery
 i - a ring of fire (right hand)
 q - a ring of see invisible (left hand)
 s - a +6 ring of intelligence
Scrolls
 h - a scroll of identify
 k - 5 scrolls of teleportation
 p - a scroll of vulnerability
Potions
 d - a potion of mutation {unknown}
 e - a potion of haste
 f - a potion of resistance {unknown}
 g - a potion of brilliance {unknown}
 l - 2 potions of curing
 o - a potion of enlightenment {unknown}
 r - a potion of berserk rage {unknown}
 t - a potion of might


   Skills:
 + Level 6.1 Fighting
 + Level 6.3 Maces & Flails
 + Level 5.9 Armour
 + Level 1.2 Dodging
 + Level 5.5 Shields


You had 6 spell levels left.
You didn't know any spells.
Your spell library contained the following spells:

 Spells                   Type           Power      Damage    Failure   Level
 Sculpt Simulacrum        Ice/Alch       0%         N/A       100%        6
 Ozocubu's Refrigeration  Ice            0%         4d7       100%        7
 Polar Vortex             Ice            0%         N/A       100%        9


Dungeon Overview and Level Annotations

Branches:
Dungeon (5/15)
 Temple: D:4-7

Altars:
Trog


Innate Abilities, Weirdness & Mutations

You have a pair of horns on your head.
You reflexively headbutt those who attack you in melee.


Message History

Unknown command.
You hit the phantom but do no damage.
The phantom is almost destroyed.
You feel sick. The hound bites you but does no damage.
The iguana bites you but does no damage.
The phantom closely misses you.
The water moccasin bites you but does no damage.
The hound bites you but does no damage.
You feel better. The water moccasin barely misses you. You furiously retaliate!
You headbutt the water moccasin! You block the hound's attack.
The phantom hits you but does no damage.
The iguana bites you!
You barely miss the phantom. Your headbutt misses the phantom.
The phantom is almost destroyed.
The hound bites you but does no damage.
The water moccasin bites you but does no damage.
The iguana bites you. The phantom hits you.
* * * LOW HITPOINT WARNING * * *
The hound closely misses you. The water moccasin bites you.
* * * LOW HITPOINT WARNING * * *
The centaur hits you but does no damage.
The centaur kicks you but does no damage.
You sock the phantom!
You destroy the phantom!
The hound bites you.
* * * LOW HITPOINT WARNING * * *
The centaur hits you but does no damage.
The centaur kicks you but does no damage.
The water moccasin bites you.
* * * LOW HITPOINT WARNING * * *
You are lethally poisoned!
The water moccasin poisons you!
The iguana bites you but does no damage.
You closely miss the water moccasin.
Your headbutt misses the water moccasin.
The water moccasin is moderately wounded.
* * * LOW HITPOINT WARNING * * *
You feel very sick. The hound bites you but does no damage.
The centaur hits you.
You die...

.....#.......
.....#......
...........#######
....##....<.......
##............####
##>.............#
#................#
##....h...........#
#....@O.............
.>....cSl..?.........#
....................##
.$.#........(.......?
.. ##....(.........# .
##.............
###..#.... .......


You could see a water moccasin, an ogre, a centaur, an iguana and a hound.

Vanquished Creatures
  Grinder (D:4)
  An ogre (D:4)
  A phantom (D:5)
  A scorpion (D:5)
  A howler monkey (D:3)
  2 hounds (D:4)
  2 orc priests (D:2)
  Jessica (D:2)
  An iguana (D:4)
  An orc wizard (D:3)
  6 adders
  3 ribbon worms (D:4)
  A dart slug (D:3)
  7 orcs
  5 endoplasms
  A giant cockroach (D:4)
  3 hobgoblins
  6 jackals
  17 ball pythons
  4 bats (D:1)
  2 frilled lizards
  6 goblins
  7 kobolds
  2 rats (D:4)
82 creatures vanquished.

Notes
Turn   | Place    | Note
-------+----------+-------------------------------------------
     0 | D:1      | Silvore the Minotaur Fighter began the quest for the Orb.
     0 | D:1      | Reached XP level 1. HP: 19/19 MP: 0/0
   200 | D:1      | Reached XP level 2. HP: 27/27 MP: 1/1
   412 | D:1      | Found a faded altar of an unknown god.
   847 | D:2      | Noticed Jessica
   851 | D:2      | Killed Jessica
   852 | D:2      | Reached XP level 3. HP: 31/33 MP: 2/2
   905 | D:2      | Reached XP level 4. HP: 39/41 MP: 3/3
  1329 | D:3      | Reached XP level 5. HP: 39/47 MP: 4/4
  1410 | D:3      | Reached skill level 1 in Dodging
  1582 | D:3      | Reached skill level 5 in Armour
  2058 | D:4      | Reached XP level 6. HP: 55/55 MP: 5/5
  2176 | D:4      | Noticed a moth of wrath
  2179 | D:4      | Found a bloodstained altar of Trog.
  2194 | D:4      | Reached skill level 5 in Maces & Flails
  2359 | D:4      | Reached skill level 5 in Shields
  2364 | D:4      | Reached skill level 5 in Fighting
  2575 | D:4      | Noticed Grinder
  2580 | D:4      | Paralysed by Grinder for 4 turns
  2586 | D:4      | Killed Grinder
  2587 | D:4      | Reached XP level 7. HP: 28/61 MP: 6/6
  3047 | D:5      | Entered Level 5 of the Dungeon
  3065 | D:5      | HP: 3/63 [poisoned by a water moccasin]
  3065 | D:5      | Slain by a centaur

Illustrated notes

Levels and vault maps discovered:
D:1:      shiori_arrival_oz, layout_basic,
          shapermc_ecumenical_altar_totnotflames
D:2:      layout_basic, bh_walls_and_bars, uniq_jessica
D:3:      layout_loops_cross, minmay_misc_feat_room, nicolae_titane
D:4:      layout_rooms, tgw_trog, grunt_ministairs_13, nicolae_eternal_life,
          minmay_misc_feat_alley, minmay_snake_closets, uniq_grinder
D:5:      layout_rooms, uniq_edmund

Skill      XL: |  1  2  3  4  5  6  7 |
---------------+----------------------+-----
Fighting       | 4 5 6 |  6.1
Shields        | 4 5 |  5.5
Maces & Flails | 3 4 6 |  6.3
Armour         | 4 5 |  5.9
Dodging        | 1 |  1.2

Action                     |  1- 3 |  4- 6 |  7- 9 || total
---------------------------+-------+-------+-------++-------
  Melee: Flail             |    57 |   124 |    16 ||   197
         Headbutt          |     4 |    16 |     2 ||    22
    Use: Scroll            |     4 |     4 |     3 ||    11
         Potion            |       |     1 |     1 ||     2
 Armour: Scale mail        |    31 |       |       ||    31
         Chain mail        |    10 |     8 |       ||    18
         Plate armour      |       |   117 |    36 ||   153
  Dodge: Dodged            |    34 |    34 |     6 ||    74
  Block: Buckler           |    17 |    41 |     2 ||    60
